Map: Post-Youth LE

Players

Requiem

  • Race: Protoss Protoss
  • League: Platinum
  • Spawn Location: 1:00

ignatavicius - Winner!

  • Race: Terran Terran
  • League: Diamond
  • Spawn Location: 7:00

VOD

Have the link to the VOD?

Description

Time

  • Played on: May 15, 2024, 10:02 p.m.
  • Length: 15:51
Show
View Real Time Build Order
Export as new Build Order

Requiem Protoss 

Build Orders: 1 Gate Expand 

Get SALT Encoding   

  12  0:00  Probe  
  13  0:14  Pylon  
  13  0:17  Probe  
  14  0:32  Gateway  
  14  0:34  Probe  
  15  0:46  Probe  
  16  0:58  Probe  
  17  1:15  Nexus  
  17  1:16  Probe  
  18  1:21  Assimilator  
  18  1:32  Cybernetics Core  
  18  1:35  Probe  
  19  1:47  Probe  
  19  1:50  Pylon  
  20  1:59  Probe  
  21  2:03  Warp Gate (Chrono Boost)  
  21  2:12  Adept (Chrono Boost)  
  21  2:13  Gateway  
  23  2:17  Probe  
  24  2:29  Probe x2  
  26  2:37  Pylon  
  26  2:41  Probe  
  26  2:42  Stalker (Chrono Boost)  
  29  2:52  Probe  
  29  2:58  Assimilator  
  28  3:01  Shield Battery  
  28  3:02  Adept  
  30  3:07  Adept  
  32  3:15  Probe (Chrono Boost)  
  32  3:18  Probe (Chrono Boost)  
  34  3:27  Probe (Chrono Boost)  
  34  3:55  Adept  
  36  3:56  Nexus  
  34  4:05  Shield Battery  
  34  4:14  Stalker  
  36  4:24  Stalker  
  38  4:39  Probe  
  38  4:42  Pylon  
  38  4:43  Pylon  
  38  4:45  Robotics Facility  
  39  4:51  Forge  
  39  5:00  Probe  
  39  5:06  Pylon  
  40  5:10  Probe  
  40  5:12  Probe  
  42  5:15  Adept  
  44  5:22  Probe  
  44  5:23  Protoss Ground Weapons Level 1 (Chrono Boost)  
  44  5:24  Probe  
  46  5:31  Twilight Council  
  46  5:32  Observer (Chrono Boost)  
  46  5:34  Probe  
  46  5:51  Stalker x2  
  46  5:56  Gateway  
  50  5:59  Probe, Gateway  
  49  6:24  Blink (Chrono Boost)  
  35  6:45  Stalker x2  
  35  6:46  Probe (Chrono Boost)  
  41  6:52  Probe (Chrono Boost)  
  41  6:56  Probe (Chrono Boost)  
  41  6:59  Probe (Chrono Boost)  
  41  7:01  Probe (Chrono Boost)  
  44  7:11  Probe (Chrono Boost)  
  44  7:12  Probe (Chrono Boost)  
  46  7:16  Stalker  
  46  7:17  Stalker  
  51  7:24  Probe (Chrono Boost)  
  51  7:28  Probe (Chrono Boost)  
  52  7:31  Probe (Chrono Boost)  
  52  7:35  Probe (Chrono Boost), Stalker x2  
  56  7:56  Probe x2  
  58  8:06  Nexus  
  58  8:08  Probe x2  
  58  8:10  Pylon  
  60  8:15  Photon Cannon  
  60  8:20  Probe x2  
  60  8:23  Adept  
  64  8:32  Probe x2  
  66  8:37  Zealot, Adept  
  70  8:44  Probe x2  
  70  8:45  Photon Cannon  
  70  8:48  Photon Cannon  
  72  8:49  Shield Battery  
  72  8:56  Probe  
  72  9:00  Observer  
  73  9:12  Charge (Chrono Boost)  
  73  9:15  Gateway  
  73  9:16  Gateway  
  73  9:22  Probe x3 (Chrono Boost)  
  76  9:29  Assimilator  
  79  9:31  Probe x3 (Chrono Boost), Assimilator  
  79  9:32  Stalker  
  79  9:34  Zealot, Pylon, Adept  
  85  9:43  Probe (Chrono Boost)  
  88  9:45  Probe (Chrono Boost)  
  88  9:46  Probe (Chrono Boost)  
  88  9:54  Gateway  
  88  9:55  Probe (Chrono Boost)  
  88  9:56  Gateway  
  88  9:59  Probe x2 (Chrono Boost)  
  91  10:00  Pylon  
  91  10:01  Observer  
  92  10:14  Stalker x3  
  96  10:26  Stalker x2  
  90  10:34  Shield Battery x2  
  90  10:37  Gateway  
  90  10:38  Probe (Chrono Boost)  
  90  10:39  Gateway  
  90  10:40  Gateway  
  93  10:43  Probe x2 (Chrono Boost)  
  93  10:44  Adept x3  
  101  10:51  Probe x2 (Chrono Boost)  
  93  10:59  Adept x4  
  82  11:10  Adept  
  53  11:15  Observer (Chrono Boost)  
  52  11:21  Pylon  
  52  11:22  Observer  
  52  11:25  Pylon  
  51  11:33  Nexus  
  51  11:36  Probe x3  
  54  11:45  Zealot x6  
  54  11:46  Protoss Ground Weapons Level 2 (Chrono Boost)  
  66  11:48  Probe x3  
  69  11:56  Resonating Glaives (Chrono Boost)  
  69  12:00  Observer  
  69  12:03  Probe x3  
  72  12:10  Assimilator  
  72  12:15  Probe x3  
  75  12:27  Probe  
  53  12:46  Stalker x3  
  62  12:52  Probe (Chrono Boost)  
  62  12:55  Probe x3 (Chrono Boost), Pylon  
  62  12:56  Pylon  
  62  12:57  Pylon  
  63  13:02  Probe (Chrono Boost)  
  63  13:04  Probe (Chrono Boost)  
  63  13:05  Probe x2 (Chrono Boost)  
  62  13:14  Probe x2  
  62  13:18  Adept x3  
  70  13:32  Probe (Chrono Boost)  
  70  13:37  Probe (Chrono Boost)  
  70  13:38  Probe x2 (Chrono Boost)  
  71  13:42  Probe (Chrono Boost), Photon Cannon  
  71  13:44  Zealot x2, Photon Cannon  
  71  13:46  Probe (Chrono Boost)  
  76  14:00  Zealot x2  
  72  14:10  Zealot x2  
  76  14:18  Assimilator  
  76  14:20  Assimilator  
  76  14:22  Pylon  
  76  14:24  Zealot  
  76  14:27  Observer (Chrono Boost)  
  77  14:41  Probe x2  
  77  14:42  Probe  
  51  14:53  Probe  
  51  14:54  Probe  
  39  15:03  Nexus  
  33  15:10  Pylon  
  33  15:12  Pylon  
  19  15:15  Zealot  
  18  15:30  Zealot  
  18  15:34  Zealot  
  22  15:39  Zealot  
Show
View Real Time Build Order
Export as new Build Order

ignatavicius Terran - Winner!

Build Orders:  

Get SALT Encoding   

  12  0:00  SCV  
  13  0:12  SCV  
  14  0:20  Supply Depot  
  15  0:28  SCV  
  15  0:41  SCV  
  16  0:42  Refinery  
  16  0:49  Barracks  
  16  1:03  Barracks  
  16  1:07  SCV  
  17  1:14  Refinery  
  17  1:23  SCV  
  18  1:29  Supply Depot  
  18  1:35  SCV  
  18  1:38  Reaper  
  20  1:47  SCV  
  20  1:52  Marine  
  22  1:55  Bunker  
  22  2:07  Orbital Command  
  22  2:10  Marine  
  23  2:20  Barracks Reactor  
  23  2:28  Supply Depot, Marine  
  24  2:33  Bunker  
  24  2:37  SCV  
  25  2:46  Marine  
  26  2:53  SCV  
  26  2:57  Marine x2  
  29  3:05  Marine  
  30  3:13  Factory  
  30  3:16  Bunker, Marine x2  
  32  3:23  Marine, SCV  
  34  3:35  Engineering Bay, SCV  
  34  3:38  Marine x2  
  37  3:49  SCV  
  36  4:00  Marine  
  34  4:09  Starport  
  32  4:14  Missile Turret  
  32  4:18  Marine  
  32  4:23  Widow Mine  
  32  4:24  Widow Mine  
  37  4:25  Barracks Tech Lab  
  37  4:26  SCV  
  35  4:47  Widow Mine x2  
  35  4:48  Stimpack  
  35  4:50  Supply Depot  
  39  4:54  Medivac  
  41  5:01  Command Center  
  41  5:03  Marauder  
  43  5:08  Supply Depot  
  43  5:20  Factory Tech Lab  
  43  5:21  Barracks  
  43  5:25  Medivac  
  45  5:34  SCV  
  46  5:40  Siege Tank  
  48  5:50  Marauder  
  48  5:54  SCV  
  48  5:56  Viking  
  53  6:10  Missile Turret  
  53  6:13  SCV  
  50  6:36  SCV  
  50  6:38  Orbital Command  
  51  6:42  Starport Tech Lab  
  51  6:43  Siege Tank, Marine  
  55  6:49  Barracks  
  55  6:53  Barracks Tech Lab  
  55  6:54  SCV  
  56  7:01  Marine  
  56  7:06  SCV  
  56  7:07  Terran Infantry Weapons Level 1  
  58  7:10  Engineering Bay  
  58  7:12  Refinery  
  58  7:13  SCV  
  59  7:18  SCV  
  59  7:19  Marine  
  59  7:21  Marine x2  
  63  7:25  SCV  
  64  7:30  Refinery, SCV  
  64  7:33  Supply Depot  
  64  7:34  Concussive Shells  
  64  7:35  Barracks Tech Lab  
  65  7:37  Marine  
  65  7:38  SCV  
  65  7:39  Marine x2  
  65  7:42  SCV  
  70  7:45  Medivac  
  66  7:55  Marine  
  66  7:56  SCV  
  66  7:58  Combat Shield  
  68  8:07  SCV  
  68  8:08  Ghost Academy x2, SCV  
  70  8:19  Ghost Academy, SCV  
  71  8:20  SCV  
  71  8:21  Marine, Marauder x2  
  77  8:31  SCV  
  77  8:32  SCV  
  79  8:36  Raven  
  79  8:40  Supply Depot, Terran Infantry Armor Level 1  
  81  8:43  SCV  
  81  8:44  Personal Cloaking  
  81  8:45  SCV  
  81  8:47  Nuke  
  83  8:51  Nuke  
  83  8:55  SCV  
  84  9:01  Ghost  
  86  9:05  Supply Depot  
  86  9:09  Supply Depot  
  86  9:13  Ghost, SCV  
  86  9:14  Missile Turret  
  89  9:21  Widow Mine  
  89  9:22  Marine x3  
  94  9:29  Marine  
  94  9:30  Raven  
  97  9:39  SCV  
  97  9:40  Marine x2  
  97  9:42  Siege Tank  
  97  9:43  Missile Turret  
  103  9:50  Command Center  
  103  10:07  Nuke  
  103  10:10  Nuke  
  103  10:16  Nuke  
  95  10:31  Siege Tank  
  95  10:32  Marine x3  
  95  10:33  Marine x2  
  103  10:40  SCV x2  
  105  10:50  Marine x3  
  105  10:52  SCV  
  105  10:54  Nuke  
  106  11:03  Siege Tank  
  96  11:22  Marine x5  
  101  11:27  Command Center  
  101  11:35  Siege Tank, Nuke  
  101  11:39  Marine  
  104  11:44  Nuke  
  104  11:45  Ghost  
  104  11:46  Marine x2  
  109  11:50  Orbital Command  
  109  11:51  Refinery x2  
  109  12:08  Siege Tank  
  112  12:11  Marine x4  
  112  12:14  Marine  
  117  12:19  Nuke, SCV  
  118  12:25  SCV x2  
  118  12:29  Marine  
  121  12:40  Siege Tank  
  124  12:46  Nuke x2  
  124  13:03  Marine x2, Marauder x2  
  130  13:11  Nuke  
  130  13:12  Siege Tank  
  127  13:36  Nuke x2  
  127  13:40  Marine  
  127  13:41  Marine, Marauder x3  
  135  13:44  Siege Tank  
  136  13:53  SCV x2  
  131  13:57  Starport  
  131  13:58  Starport, Marine x2  
  131  14:00  Starport  
  126  14:28  Nuke x2  
  118  14:58  Marine x2, Marauder x3  
  125  15:08  Viking x3  
  125  15:11  Fusion Core  
  125  15:13  Starport  
  125  15:14  Starport, Orbital Command  
  131  15:15  Marine  
  131  15:16  Marine  
  131  15:19  Marine  
  131  15:35  Refinery  
  133  15:37  Refinery  
Tags
 
Add a new tag
Caveats
  • Supply blocks, unpowered buildings, or Contaminate may cause inaccurate times.
  • Supply counts are checked every 10 seconds.